 Dungeon Crawl Stone Soup version 0.22-a0-422-g9628fc87f1 (webtiles) character file.

160 RedPan the Insei (level 5, -18/45 HPs)
             Began as a Naga Transmuter on May 23, 2018.
             Demolished by an ogre
             ... wielding a +0 giant spiked club
              (20 damage)
             ... on level 3 of the Dungeon.
             The game lasted 00:08:09 (3567 turns).

RedPan the Insei (Naga Transmuter)                  Turns: 3567, Time: 00:08:10

Health: -18/45     AC: 11    Str: 12    XL:     5   Next: 41%
Magic:  1/9        EV: 18    Int: 14    God:
Gold:   84         SH:  0    Dex: 17    Spells: 2/9 levels left

rFire    . . .     SeeInvis +   n - +3 trident (protect)
rCold    + . .     Gourm    .   (no shield)
rNeg     . . .     Faith    .   b - +1 robe
rPois    +         Spirit   .   c - +0 helmet
rElec    .         Reflect  .   (no cloak)
rCorr    .         Harm     .   (no gloves)
MR       .....                  (no barding)
Stlth    +++.......             (no amulet)
HPRegen  0.15/turn              e - ring of protection from cold
MPRegen  0.11/turn              o - +2 ring of evasion

@: agile, protection aura, very slightly contaminated, very slow
A: large, see invisible, deformed body, poison resistance, slowness 2, slow
metabolism 1, spit poison 1, AC +1
a: Spit Poison


You were on level 3 of the Dungeon.
You were hungry.

You visited 1 branch of the dungeon, and saw 3 of its levels.

You collected 84 gold pieces.

Inventory:

Hand Weapons
 n - a +3 trident of protection (weapon)
Missiles
 a - 91 arrows
Armour
 b - a +1 robe (worn)
 c - a +0 helmet (worn)
Jewellery
 e - a ring of protection from cold (left hand)
 o - a +2 ring of evasion (right hand)
Scrolls
 i - a scroll of identify
 l - 2 scrolls of amnesia
Potions
 g - a potion of curing
Comestibles
 d - 6 rations
 h - 2 chunks of flesh


   Skills:
 - Level 2.2 Fighting
 + Level 2.3 Dodging
 + Level 3.7 Unarmed Combat
 + Level 2.7 Spellcasting
 * Level 3.1 Transmutations
 * Level 0.0 Ice Magic


You had 2 spell levels left.
You knew the following spells:

 Your Spells              Type           Power        Failure   Level  Hunger
a - Beastly Appendage     Tmut           ##....       6%          1    #......
b - Sticks to Snakes      Tmut           ##......     9%          2    ###....
c - Ice Form              Ice/Tmut       #.......     75%         4    #####..

Your spell library contained the following spells:

 Spells                   Type           Power        Failure   Level  Hunger
 Spider Form              Tmut/Pois      #.........   34%         3    ###....
 Blade Hands              Tmut           ##........   86%         5    ######.


Dungeon Overview and Level Annotations

Branches:
Dungeon (3/15)

Altars:


Innate Abilities, Weirdness & Mutations

You cannot wear boots.
Your serpentine skin is tough. (AC +1)
You have supernaturally acute eyesight. (SInv)
Armour fits poorly on your strangely shaped body.
Your system is resistant to poisons. (rPois)
You cover ground very slowly.
You have a slow metabolism.
You can spit poison.


Message History

Confirm with . or Enter, or press ? or * to list all spells.
The spell is very dangerous to cast (75% risk of failure)!
Continue anyway?
You miscast Ice Form.
Frost spreads across the the floor.
You are feeling hungry.
The ogre misses you.
You feel agile all of a sudden.
A bat comes into view.
The ogre hits you with a giant spiked club!!
Ouch! That really hurt!
* * * LOW HITPOINT WARNING * * *
You are too injured to fight recklessly!
You puncture the ogre!
Your weapon exudes an aura of protection.
The ogre is heavily wounded.
The ogre hits you with a giant spiked club.
* * * LOW HITPOINT WARNING * * *
You hit the ogre.
The ogre is severely wounded.
The ogre hits you with a giant spiked club!!
You die...

.# #.....#.## #.#
#... ## #.....#..#
##########...
.......##.##
#............
#...... #..#
#.######.##.#
#......###.###.#(#
#.#8.8
#.#............#.#
#.....
########.##.#.#
###8.8 #.## #.#
##.# #@.# #.# #..
##O# #.# ### b#
#.# .# #.# .. #.#
.. #.# ...#.#
...#.# #.#


You could see an ogre and a bat.

Vanquished Creatures
  A crimson imp (D:3)
  An orc priest (D:3)
  2 adders (D:2)
  A worm (D:3)
  2 dart slugs (D:3)
  2 leopard geckos
  An orc (D:3)
  8 bats
  3 giant cockroaches
  6 goblins
  9 hobgoblins
  4 jackals (D:3)
  9 kobolds
  A ball python (D:1)
  4 frilled lizards
  8 rats
62 creatures vanquished.

Vanquished Creatures (collateral kills)
  An adder (D:2)
  An orc (D:3)
  A rat (D:2)
3 creatures vanquished.

Grand Total: 65 creatures vanquished

Notes
Turn   | Place    | Note
-------+----------+-------------------------------------------
     0 | D:1      | RedPan the Naga Transmuter began the quest for the Orb.
     0 | D:1      | Reached XP level 1. HP: 18/18 MP: 3/3
   130 | D:1      | Reached XP level 2. HP: 20/25 MP: 5/5
   613 | D:1      | Learned a level 2 spell: Sticks to Snakes
  1376 | D:2      | Reached XP level 3. HP: 30/31 MP: 6/6
  2271 | D:2      | Reached XP level 4. HP: 34/39 MP: 2/7
  2909 | D:3      | Reached XP level 5. HP: 17/45 MP: 4/8
  3470 | D:3      | Learned a level 4 spell: Ice Form
  3560 | D:3      | Noticed an ogre
  3566 | D:3      | HP: 1/45 [ogre/giant spiked club (5)]
  3567 | D:3      | Demolished by an ogre

Vault maps used:
D:1:      scummos_arrival_gate
D:2:      first_ration, hex_tiny, minmay_tetromino_o4
D:3:      serial_curves, eino_curves_01, eino_curves_01,
          small_statue_intersection

Skill      XL: |  1  2  3  4  5 |
---------------+----------------+-----
Dodging        | 2 |  2.3
Fighting       | 2 |  2.2
Transmutations | 3 |  3.1
Unarmed Combat | |  3.7
Spellcasting   | |  2.7

Action                   |  1- 3 |  4- 6 || total
-------------------------+-------+-------++-------
Melee: Unarmed           |   108 |       ||   108
       Headbutt          |     4 |       ||     4
       Punch             |     2 |     1 ||     3
       Trident           |    16 |    88 ||   104
 Cast: Beastly Appendage |     7 |       ||     7
       Sticks to Snakes  |     4 |     1 ||     5
 Abil: Spit Poison       |       |     1 ||     1
  Use: Scroll            |       |    10 ||    10
       Potion            |       |     3 ||     3
 Stab: Sleeping          |     1 |     3 ||     4
  Eat: Chunk             |     3 |     4 ||     7
Armor: Robe              |    37 |    29 ||    66
Dodge: Dodged            |    88 |    71 ||   159

Table legend:
 A = Spawn XP
 B = Non-spawn XP
 C = Spawn XP percentage of total XP
 D = Spawn monster count
 E = Non-spawn monster count
 F = Spawn count percentage of total count
 G = Total turns spent on level
                    A         B        C        D         E        F      G
               +---------+---------+-------+---------+---------+-------+---------
         Total |       0 |     229 |   0.0 |       0 |      65 |   0.0 |  3567
               +---------+---------+-------+---------+---------+-------+---------
           D:1 |       0 |      33 |   0.0 |       0 |      23 |   0.0 |  1248
           D:2 |       0 |      59 |   0.0 |       0 |      17 |   0.0 |  1435
           D:3 |       0 |     137 |   0.0 |       0 |      25 |   0.0 |   884
               +---------+---------+-------+---------+---------+-------+---------
